AoeStats
← HR Pinkman

Four Lakes

507253889Analyzed
1v1 RM · 14d ago on Sep 17, 2026· 30m 33s· 2 players
Game mode
Random Map
Map size
Tiny (2 player)
Population
200
Speed
Normal
Resources
Standard
Victory
Conquest
Starting age
Dark Age
Ending age
Imperial Age
RankedLock teamsTeams togetherTeam positionsShared explorationLock speedFull tech treeHidden civsTurbo modeCheats
Victory
Defeat
🇨🇱 Aztecs · Chile
2161
+14
🇩🇪 Magyars · Germany
2117
-14
luff
8:14 Loom
11:31 Feudal Age
12:09 Double-Bit Axe
21:31 Castle Age
19:35 Fletching
20:45 Town Watch
20:42 Fishing Lines
21:33 Padded Archer Armor
22:20 Bodkin Arrow
29:23 Bloodlines
HR Pinkman
7:50 Loom
10:07 Feudal Age
10:49 Double-Bit Axe
14:11 Fletching
20:14 Castle Age
18:02 Horse Collar
19:55 Scale Mail Armor
20:30 Forging
20:23 Eagle Warrior
23:32 Squires
24:35 Chain Mail Armor
Connection lost

Rejoining the realm…

Still unreachable

The connection could not be restored.

Session expired

The server has moved on; the page needs a fresh start.